3AA
BELVEDERE PARK RAWHIDES @ FT. POLK SOUTH THUNDER HAWKS
08/19/2033
 
TOP OF THE 1ST
Belvedere Park Rawhides batting - Pitching for Ft. Polk South Thunder Hawks : RHP Kyle Overhill
Pitching: RHP Kyle Overhill
Batting: RHB Eugene Bennett 0-0: Fly out, F8 (Flyball, 8LS)
Batting: RHB Stephen Webb 0-0: Called Strike
0-1: Foul Ball, location: 2F
0-2: Ball
1-2: Ball
2-2: Ball
3-2: DOUBLE (Groundball, 3L)
Batting: RHB Jesús Recesvinto 0-0: Fly out, F8 (Flyball, 78D)
Batting: RHB Bogumil Tiwontschik 0-0: Ball
1-0: Foul Ball, location: 2F
1-1: Called Strike
1-2: Strikes out swinging
Top of the 1st over - 0 runs, 1 hit, 0 errors, 1 left on base; Belvedere Park 0 - Ft. Polk South 0
BOTTOM OF THE 1ST
Ft. Polk South Thunder Hawks batting - Pitching for Belvedere Park Rawhides : LHP Garrett Schaper
Pitching: LHP Garrett Schaper
Batting: RHB Thomas Feliciano 0-0: SINGLE (Groundball, 15) (infield hit)
Batting: LHB Shohei Otani 0-0: Ball
1-0: Foul Ball, location: 2F
1-1: Ball
2-1: Fly out, F6 (Popup, 56D)
Batting: RHB Alejandro Santiago 0-0: Ball
1-0: Foul Ball, location: 2F
1-1: Foul Ball, location: 2F
1-2: Fly out, F8 (Flyball, 8LD)
Batting: LHB Felipe Soto 0-0: Called Strike
Thomas Feliciano steals 2nd base
0-1: Foul Ball, location: 2F
0-2: Ball
1-2: Ball
2-2: Foul Ball, location: 2F
2-2: SINGLE (Line Drive, 9LM)
Thomas Feliciano to third
Runner from 3rd tries for Home, SAFE, no throw
Batting: RHB Jon Moon 0-0: Foul Ball, location: 2F
0-1: SINGLE (Line Drive, 6M)
Felipe Soto to second
Batting: RHB Aaron Dixon 0-0: Ball
1-0: Ball
2-0: Ball
3-0: Base on Balls
Felipe Soto to third
Jon Moon to second
Batting: RHB Chris Walters 0-0: Ball
1-0: DOUBLE (Line Drive, 78XD)
Felipe Soto scores
Jon Moon scores
Aaron Dixon to third
Runner from 3rd tries for Home, SAFE, no throw
Batting: RHB Qu-bing Thien 0-0: Ball
1-0: Ball
2-0: Ball
3-0: Called Strike
3-1: Base on Balls
Batting: SHB Dong-joo Yu 0-0: Ball
1-0: Fielders Choice at 2nd, 5-4 (Groundball, 56)
Bottom of the 1st over - 4 runs, 4 hits, 0 errors, 2 left on base; Belvedere Park 0 - Ft. Polk South 4
TOP OF THE 2ND
Belvedere Park Rawhides batting - Pitching for Ft. Polk South Thunder Hawks : RHP Kyle Overhill
Batting: RHB Pat Lloyd 0-0: SINGLE (Groundball, 56D)
Batting: RHB Hang-ki Chung 0-0: Called Strike
0-1: Ball
1-1: Ball
2-1: Swinging Strike
2-2: Ball
3-2: Fly out, F9 (Flyball, 9)
Batting: SHB José Pinto 0-0: Called Strike
0-1: Called Strike
0-2: Fly out, F8 (Flyball, 8LM)
Batting: RHB Mike Printup 0-0: Called Strike
0-1: Ball
1-1: Ball
2-1: Ball
3-1: Swinging Strike
3-2: Foul Ball, location: 2F
3-2: SINGLE (Groundball, 34D)
Pat Lloyd to second
Pat Lloyd to third
Batting: RHB Min-gook Ch'oe 0-0: Ball
1-0: Foul Ball, location: 2F
1-1: Ball
2-1: Fly out, F6 (Popup, 6S)
Top of the 2nd over - 0 runs, 2 hits, 0 errors, 2 left on base; Belvedere Park 0 - Ft. Polk South 4
BOTTOM OF THE 2ND
Ft. Polk South Thunder Hawks batting - Pitching for Belvedere Park Rawhides : LHP Garrett Schaper
Batting: RHB Thomas Feliciano 0-0: Ball
1-0: Swinging Strike
1-1: Reached on error, E3 (Groundball, 34S)
Batting: LHB Shohei Otani 0-0: Ball
1-0: Fly out, F9 (Line Drive, 9)
Batting: RHB Alejandro Santiago 0-0: Ball
1-0: Called Strike
1-1: Foul Ball, location: 2F
1-2: Foul Ball, location: 2F
1-2: Fly out, F7 (Line Drive, 7LM)
Batting: LHB Felipe Soto 0-0: Ball
1-0: Ball
2-0: Ball
3-0: Base on Balls
Batting: RHB Jon Moon 0-0: Fielders Choice at 2nd, 5-4 (Groundball, 56)
Bottom of the 2nd over - 0 runs, 0 hits, 1 error, 2 left on base; Belvedere Park 0 - Ft. Polk South 4
TOP OF THE 3RD
Belvedere Park Rawhides batting - Pitching for Ft. Polk South Thunder Hawks : RHP Kyle Overhill
Batting: RHB Eugene Bennett 0-0: SINGLE (Flyball, 78S)
Batting: RHB Stephen Webb 0-0: Called Strike
Throwing error on steal attempt, E2
Eugene Bennett to third
0-1: Swinging Strike
0-2: Foul Ball, location: 2F
0-2: Ball
1-2: 2-RUN HOME RUN (Flyball, 7LD), Distance : 330 ft
Batting: RHB Jesús Recesvinto 0-0: Ball
1-0: Ball
2-0: Foul Ball, location: 2F
2-1: Ball
3-1: Swinging Strike
3-2: Base on Balls
Batting: RHB Bogumil Tiwontschik 0-0: Fly out, F6 (Line Drive, 6M)
Batting: RHB Pat Lloyd 0-0: Ball
1-0: Ball
2-0: SINGLE (Line Drive, 6MD)
Jesús Recesvinto to second
Batting: RHB Hang-ki Chung 0-0: Called Strike
0-1: Ball
1-1: Ball
2-1: Ball
3-1: Ground out 2-3 (Groundball, 15S)
Jesús Recesvinto to third
Pat Lloyd to second
Batting: SHB José Pinto 0-0: Ball
1-0: Foul Ball, location: 2F
1-1: 3-RUN HOME RUN (Flyball, 9D), Distance : 345 ft
Batting: RHB Mike Printup 0-0: Fly out, F3 (Popup, 3S)
Top of the 3rd over - 5 runs, 4 hits, 1 error, 0 left on base; Belvedere Park 5 - Ft. Polk South 4
BOTTOM OF THE 3RD
Ft. Polk South Thunder Hawks batting - Pitching for Belvedere Park Rawhides : LHP Garrett Schaper
Batting: RHB Aaron Dixon 0-0: Swinging Strike
0-1: Ball
1-1: Foul Ball, location: 2F
1-2: Ball
2-2: Ball
3-2: Base on Balls
Batting: RHB Chris Walters 0-0: Foul Ball, location: 2F
0-1: Ball
1-1: Fly out, F8 (Flyball, 8LS)
Batting: RHB Qu-bing Thien 0-0: Ball
1-0: Called Strike
1-1: Fly out, F5 (Line Drive, 56)
Batting: SHB Dong-joo Yu 0-0: Ball
1-0: Called Strike
1-1: Called Strike
1-2: Ball
2-2: Foul Ball, location: 2F
2-2: Foul Ball, location: 2F
2-2: Fielders Choice at 2nd, 5-4 (Groundball, 5)
Bottom of the 3rd over - 0 runs, 0 hits, 0 errors, 1 left on base; Belvedere Park 5 - Ft. Polk South 4
TOP OF THE 4TH
Belvedere Park Rawhides batting - Pitching for Ft. Polk South Thunder Hawks : RHP Kyle Overhill
Batting: RHB Min-gook Ch'oe 0-0: Called Strike
0-1: Ground out 1-3 (Groundball, 15S)
Batting: RHB Eugene Bennett 0-0: Foul Ball, location: 2F
0-1: Ball
1-1: Swinging Strike
1-2: Foul Ball, location: 2F
1-2: Strikes out swinging
Batting: RHB Stephen Webb 0-0: Swinging Strike
0-1: Swinging Strike
0-2: Foul Ball, location: 2F
0-2: Strikes out swinging
Top of the 4th over - 0 runs, 0 hits, 0 errors, 0 left on base; Belvedere Park 5 - Ft. Polk South 4
BOTTOM OF THE 4TH
Ft. Polk South Thunder Hawks batting - Pitching for Belvedere Park Rawhides : LHP Garrett Schaper
Batting: RHB Thomas Feliciano 0-0: Ball
1-0: Fly out, F7 (Flyball, 7S)
Batting: LHB Shohei Otani 0-0: Ball
1-0: Ball
2-0: Fly out, F9 (Line Drive, 89S)
Batting: RHB Alejandro Santiago 0-0: Ball
1-0: Ball
2-0: Fly out, F9 (Flyball, 89D)
Bottom of the 4th over - 0 runs, 0 hits, 0 errors, 0 left on base; Belvedere Park 5 - Ft. Polk South 4
TOP OF THE 5TH
Belvedere Park Rawhides batting - Pitching for Ft. Polk South Thunder Hawks : RHP Kyle Overhill
Batting: RHB Jesús Recesvinto 0-0: Ball
1-0: Foul Ball, location: 2F
1-1: Foul Ball, location: 2F
1-2: DOUBLE (Line Drive, 7LM)
Batting: RHB Bogumil Tiwontschik 0-0: Foul Ball, location: 2F
0-1: Ball
1-1: Ball
2-1: Called Strike
2-2: Foul Ball, location: 2F
2-2: Strikes out swinging
Batting: RHB Pat Lloyd 0-0: Called Strike
0-1: Fly out, F8 (Flyball, 8LS)
Batting: RHB Hang-ki Chung 0-0: Ball
1-0: Called Strike
1-1: Foul Ball, location: 2F
1-2: Foul Ball, location: 2F
1-2: Ball
Wild Pitch!
Jesús Recesvinto to third
2-2: Fly out, F8 (Flyball, 8LD)
Top of the 5th over - 0 runs, 1 hit, 0 errors, 1 left on base; Belvedere Park 5 - Ft. Polk South 4
BOTTOM OF THE 5TH
Ft. Polk South Thunder Hawks batting - Pitching for Belvedere Park Rawhides : LHP Garrett Schaper
Batting: LHB Felipe Soto 0-0: Ball
1-0: Ball
2-0: Called Strike
2-1: Foul Ball, location: 2F
2-2: Foul Ball, location: 2F
2-2: SINGLE (Flyball, 89M)
Batting: RHB Jon Moon 0-0: Foul Ball, location: 2F
0-1: Ball
1-1: Called Strike
1-2: Ball
2-2: Ball
3-2: Base on Balls
Felipe Soto to second
Batting: RHB Aaron Dixon 0-0: Ball
1-0: Ball
2-0: Swinging Strike
2-1: Grounds into double play, 6-4-3 (Groundball, 6)
Felipe Soto to third
Batting: RHB Chris Walters 0-0: Ball
1-0: Ball
2-0: Fly out, F7 (Flyball, 7)
Bottom of the 5th over - 0 runs, 1 hit, 0 errors, 1 left on base; Belvedere Park 5 - Ft. Polk South 4
TOP OF THE 6TH
Belvedere Park Rawhides batting - Pitching for Ft. Polk South Thunder Hawks : RHP Kyle Overhill
Pitching: RHP Tommy Rowe
Batting: SHB José Pinto 0-0: Called Strike
0-1: Ball
1-1: Foul Ball, location: 2F
1-2: Ball
2-2: Fly out, F7 (Line Drive, 78S)
Batting: RHB Mike Printup 0-0: Foul Ball, location: 2F
0-1: Ball
1-1: Called Strike
1-2: SINGLE (Flyball, 89S)
Batting: RHB Min-gook Ch'oe 0-0: Ball
Mike Printup steals 2nd base
1-0: Ball
2-0: SINGLE (Flyball, 7S)
Mike Printup to third
Runner from 3rd tries for Home, throw and OUT!
Min-gook Ch'oe to second
Batting: RHB Eugene Bennett 0-0: Called Strike
0-1: Ball
1-1: Ball
2-1: Called Strike
2-2: Foul Ball, location: 2F
2-2: Ball
3-2: Foul Ball, location: 2F
3-2: Base on Balls
Batting: RHB Stephen Webb 0-0: Called Strike
0-1: Ball
1-1: Swinging Strike
1-2: Strikes out swinging
Top of the 6th over - 0 runs, 2 hits, 0 errors, 2 left on base; Belvedere Park 5 - Ft. Polk South 4
BOTTOM OF THE 6TH
Ft. Polk South Thunder Hawks batting - Pitching for Belvedere Park Rawhides : LHP Garrett Schaper
Pitching: LHP Bettino Banditelli
Batting: RHB Qu-bing Thien 0-0: Ball
1-0: Swinging Strike
1-1: Fly out, F7 (Flyball, 7S)
Batting: SHB Dong-joo Yu 0-0: Ball
1-0: Ball
2-0: Called Strike
2-1: Called Strike
2-2: Foul Ball, location: 2F
2-2: Foul Ball, location: 2F
2-2: Ball
3-2: Foul Ball, location: 2F
3-2: Foul Ball, location: 2F
3-2: Ground out 5-3 (Groundball, 5)
Batting: RHB Thomas Feliciano 0-0: Called Strike
0-1: Foul Ball, location: 2F
0-2: SINGLE (Flyball, 34D)
Batting: LHB Shohei Otani 0-0: 2-RUN HOME RUN (Flyball, 7D), Distance : 363 ft
Pitching: RHP Edwin Powell
Batting: RHB Alejandro Santiago 0-0: Called Strike
0-1: Called Strike
0-2: Foul Ball, location: 2F
0-2: Ball
1-2: Ball
2-2: Ball
3-2: Foul Ball, location: 2F
3-2: SOLO HOME RUN (Line Drive, 78XD), Distance : 402 ft
Batting: LHB Felipe Soto 0-0: Ball
1-0: Ground out 6-3 (Groundball, 6)
Bottom of the 6th over - 3 runs, 3 hits, 0 errors, 0 left on base; Belvedere Park 5 - Ft. Polk South 7
TOP OF THE 7TH
Belvedere Park Rawhides batting - Pitching for Ft. Polk South Thunder Hawks : RHP Tommy Rowe
Batting: RHB Jesús Recesvinto 0-0: Foul Ball, location: 2F
0-1: Fly out, F5 (Line Drive, 56)
Batting: RHB Bogumil Tiwontschik 0-0: Ball
1-0: Called Strike
1-1: Swinging Strike
1-2: Ball
2-2: Strikes out swinging
Batting: RHB Pat Lloyd 0-0: Foul Ball, location: 2F
0-1: SINGLE (Flyball, 9LS)
Batting: RHB Hang-ki Chung 0-0: SINGLE (Line Drive, 89S)
Pat Lloyd to second
Pinch Runner at 2nd Francisco Enríquez:
Batting: SHB José Pinto 0-0: Ball
1-0: Foul Ball, location: 2F
1-1: Swinging Strike
1-2: Ground out 4-3 (Groundball, 4)
Top of the 7th over - 0 runs, 2 hits, 0 errors, 2 left on base; Belvedere Park 5 - Ft. Polk South 7
BOTTOM OF THE 7TH
Ft. Polk South Thunder Hawks batting - Pitching for Belvedere Park Rawhides : RHP Edwin Powell
Batting: RHB Jon Moon 0-0: Fly out, F8 (Flyball, 8LM)
Batting: RHB Aaron Dixon 0-0: Ball
1-0: Ball
2-0: Called Strike
2-1: Ball
3-1: Base on Balls
Batting: RHB Chris Walters 0-0: Called Strike
0-1: Swinging Strike
0-2: Ball
1-2: Foul Ball, location: 2F
1-2: Ball
2-2: 2-RUN HOME RUN (Flyball, 7LD), Distance : 346 ft
Pitching: RHP Hamad Al Fardan
Batting: RHB Qu-bing Thien 0-0: Ball
1-0: Ball
2-0: Foul Ball, location: 2F
2-1: Ball
3-1: Foul Ball, location: 2F
3-2: Fly out, F7 (Flyball, 7S)
Batting: SHB Dong-joo Yu 0-0: Ball
1-0: Ball
2-0: Ball
3-0: Called Strike
3-1: Base on Balls
Batting: RHB Thomas Feliciano 0-0: Called Strike
0-1: Ball
1-1: Ball
Pickoff Throw to First - Out!
Bottom of the 7th over - 2 runs, 1 hit, 0 errors, 0 left on base; Belvedere Park 5 - Ft. Polk South 9
TOP OF THE 8TH
Belvedere Park Rawhides batting - Pitching for Ft. Polk South Thunder Hawks : RHP Tommy Rowe
Batting: RHB Mike Printup 0-0: Ball
1-0: Foul Ball, location: 2F
1-1: Ground out 4-3 (Groundball, 34)
Batting: RHB Min-gook Ch'oe 0-0: Fly out, F9 (Flyball, 9LS)
Batting: RHB Eugene Bennett 0-0: Ball
1-0: SINGLE (Groundball, 6) (infield hit)
Batting: RHB Stephen Webb 0-0: Foul Ball, location: 2F
0-1: Ball
Wild Pitch!
Eugene Bennett to second
1-1: Swinging Strike
1-2: Strikes out swinging
Top of the 8th over - 0 runs, 1 hit, 0 errors, 1 left on base; Belvedere Park 5 - Ft. Polk South 9
BOTTOM OF THE 8TH
Ft. Polk South Thunder Hawks batting - Pitching for Belvedere Park Rawhides : RHP Hamad Al Fardan
Batting: RHB Thomas Feliciano 0-0: DOUBLE (Line Drive, 7LM)
Batting: LHB Shohei Otani 0-0: Bunted foul
0-1: Sac Bunt - play at first, batter OUT! 1-4
Thomas Feliciano to third
Batting: RHB Alejandro Santiago 0-0: Called Strike
0-1: Called Strike
0-2: Ball
1-2: Ball
2-2: Ball
3-2: Strikes out swinging
Batting: LHB Felipe Soto 0-0: Ball
1-0: Called Strike
1-1: Ball
2-1: Foul Ball, location: 2F
2-2: Foul Ball, location: 2F
2-2: Foul Ball, location: 2F
2-2: Foul Ball, location: 2F
2-2: Ball
3-2: Fly out, F8 (Flyball, 8RXD)
Bottom of the 8th over - 0 runs, 1 hit, 0 errors, 1 left on base; Belvedere Park 5 - Ft. Polk South 9
TOP OF THE 9TH
Belvedere Park Rawhides batting - Pitching for Ft. Polk South Thunder Hawks : RHP Tommy Rowe
Batting: RHB Jesús Recesvinto 0-0: Swinging Strike
0-1: Ball
1-1: Called Strike
1-2: Foul Ball, location: 2F
1-2: Fly out, F8 (Flyball, 8LXD)
Pitching: RHP Ramón Solís
Batting: RHB Bogumil Tiwontschik 0-0: Called Strike
0-1: Fly out, F8 (Flyball, 89D)
Batting: SHB Francisco Enríquez 0-0: SINGLE (Groundball, 6MD)
Batting: RHB Hang-ki Chung 0-0: Ball
1-0: Called Strike
1-1: Called Strike
1-2: Ball
2-2: Ball
3-2: Base on Balls
Francisco Enríquez to second
Batting: SHB José Pinto 0-0: Swinging Strike
0-1: Swinging Strike
0-2: Foul Ball, location: 2F
0-2: Foul Ball, location: 2F
Balk!
Francisco Enríquez to third
Hang-ki Chung to second
0-2: Ball
1-2: Strikes out swinging
Top of the 9th over - 0 runs, 1 hit, 0 errors, 2 left on base; Belvedere Park 5 - Ft. Polk South 9
Saturday, December 22nd, 2018 - OOTP Baseball 18.8 Build 76